 Dungeon Crawl Stone Soup version 0.29-a0-384-g6960b1960d (webtiles) character file.

Game seed: 8240133483266008064

2508 Antichthon the Basher (level 9, -2/55 HPs)
             Began as a Gargoyle Fighter on May 6, 2022.
             Slain by a troll (5 damage)
             ... on level 7 of the Dungeon.
             The game lasted 00:14:27 (7769 turns).

Antichthon the Basher (Gargoyle Fighter)            Turns: 7769, Time: 00:14:28

Health: -2/55      AC: 24    Str: 20    XL:     9   Next: 53%
Magic:  12/12      EV:  6    Int: 13    God:
Gold:   115        SH:  6    Dex:  9    Spells: 8/8 levels left

rFire   . . .      SeeInvis .   a - +0 flail (vorpal)
rCold   . . .      Faith    .   c - +1 buckler
rNeg    + . .      Spirit   .   s - +0 plate armour
rPois   ∞          Reflect  .   n - +2 helmet
rElec   +          Harm     .   (no cloak)
rCorr   .          Rampage  +   (no gloves)
Will    .....                   t - +1 pair of boots {rampage}
Stlth   ..........              (no amulet)
HPRegen 0.18/turn               (no ring)
MPRegen 0.13/turn               (no ring)

@: hasted, very quick
A: sickness immunity, AC +6, negative energy resistance 1, electricity
resistance, torment resistance 1, petrification resistance
a: no special abilities


You were on level 7 of the Dungeon.
You visited 1 branch of the dungeon, and saw 7 of its levels.

You collected 302 gold pieces.
You spent 187 gold pieces at shops.

Inventory:

Hand Weapons
 a - a +0 vorpal flail (weapon)
Armour
 c - a +1 buckler (worn)
 n - a +2 helmet (worn)
 s - a +0 plate armour (worn)
 t - a +1 pair of boots of rampaging (worn)
Wands
 o - a wand of iceblast (11)
Scrolls
 b - a scroll of identify
 e - a scroll of fear
 i - 2 scrolls of enchant armour
 j - a scroll of amnesia
 v - a scroll of fog
Potions
 d - a potion of might
 g - 2 potions of lignification
 h - 3 potions of attraction
 k - a potion of haste
 l - a potion of flight {unknown}
 m - a potion of mutation {unknown}
 p - 3 potions of ambrosia
 q - 2 potions of magic {unknown}
 r - 2 potions of cancellation {unknown}
 u - a potion of invisibility
 w - a potion of curing


   Skills:
 * Level 6.0 Fighting
 * Level 8.0 Maces & Flails
 * Level 6.5 Armour
 * Level 2.9 Dodging
 * Level 5.9 Shields
 * Level 4.1 Invocations


You had 8 spell levels left.
You didn't know any spells.
Your spell library was empty.

Dungeon Overview and Level Annotations

Branches:
Dungeon (7/15)
 Temple: D:4-7

Altars:
Nemelex Xobeh
Okawaru
Qazlal
Yredelemnul

Shops:
D:5 [


Innate Abilities, Weirdness & Mutations

You are immune to sickness and miasma.
Your stone body is resilient. (AC +6)
You are immune to poison.
You resist negative energy. (rN+)
You are resistant to electric shocks. (rElec)
You are resistant to unholy torment.
You are immune to petrification.


Message History

Done exploring.
Okay, then.
Done exploring.
(D) Dungeon
Where to? (Enter - D:6, ? - help)
There is a stone staircase leading down here.
You climb downwards.
There is a stone staircase leading up here.
Okay, then.
b - a scroll of identify A troll comes into view.
Found a stone staircase leading down.
The troll shouts!
You barely miss the troll. The troll bites you but does no damage.
The troll claws you but does no damage. The troll claws you.
You closely miss the troll. The troll bites you! You block the troll's attack.
The troll claws you!
You hit the troll but do no damage. You block the troll's attack.
The troll claws you! The troll claws you.
You barely miss the troll. The troll bites you!
* * * LOW HITPOINT WARNING * * *
The troll claws you but does no damage. x2
You barely miss the troll. The troll bites you but does no damage.
The troll claws you but does no damage. You block the troll's attack.
You barely miss the troll. You block the troll's attack.
The troll claws you but does no damage. x2
Unknown command.
You feel yourself speed up. The troll bites you but does no damage.
You block the troll's attack. The troll claws you but does no damage.
You hit the troll.
The troll is lightly wounded.
You hit the troll but do no damage.
The troll is lightly wounded.
The troll bites you!
* * * LOW HITPOINT WARNING * * *
You block the troll's attack. The troll claws you but does no damage.
You closely miss the troll.
The troll is lightly wounded.
The troll bites you.
You die...

#. ....#######
.>......T@#
.##.###.### ###.#
#...# #.### #.# #.#
#.####################
#...................<#


You could see a troll.

Vanquished Creatures
  Pikel (D:5)
  A hornet (D:5)
  A shadow (D:5)
  A wyvern (D:6)
  A sky beast (D:6)
  3 ice beasts
  A centaur (D:5)
  3 phantoms (D:5)
  A lemure (D:5)
  A necrophage (D:4)
  4 scorpions
  A howler monkey (D:6)
  2 hounds
  2 jellies
  2 orc priests (D:3)
  A gnoll shaman (D:3)
  3 orc wizards (D:5)
  5 gnolls
  11 adders
  2 white imps (D:6)
  2 worms
  A dart slug (D:2)
  16 orcs
  8 ball pythons
  6 bats
  6 endoplasms
  3 giant cockroaches
  14 hobgoblins
  6 jackals
  5 quokkas
  3 frilled lizards
  7 goblins
  5 kobolds
  8 rats
137 creatures vanquished.

Vanquished Creatures (others)
  9 plants (D:6)
9 creatures vanquished.

Grand Total: 146 creatures vanquished

Notes
Turn   | Place    | Note
-------+----------+-------------------------------------------
     0 | D:1      | Antichthon the Gargoyle Fighter began the quest for the
                  | Orb.
     0 | D:1      | Reached XP level 1. HP: 14/14 MP: 1/1
   441 | D:1      | Reached XP level 2. HP: 19/19 MP: 2/2
  1077 | D:1      | Reached XP level 3. HP: 23/23 MP: 3/3
  1598 | D:2      | Noticed a scorpion
  1628 | D:2      | Killed a scorpion
  1629 | D:2      | Reached skill level 3 in Maces & Flails
  1629 | D:2      | Reached skill level 1 in Invocations
  1629 | D:2      | Reached XP level 4. HP: 19/29 MP: 4/4
  1874 | D:2      | Reached skill level 1 in Dodging
  2213 | D:2      | Reached XP level 5. HP: 33/33 MP: 5/5
  2888 | D:3      | You fall into a shaft and drop 1 floor!
  3011 | D:4      | Reached skill level 4 in Maces & Flails
  3260 | D:3      | Reached XP level 6. HP: 20/38 MP: 7/7
  4582 | D:4      | Reached XP level 7. HP: 33/44 MP: 8/8
  4980 | D:5      | Entered Level 5 of the Dungeon
  4980 | D:5      | Found Xatel's Antique Armour Emporium.
  5009 | D:5      | Noticed a hornet
  5028 | D:5      | HP: 1/44 [hornet (11)]
  5039 | D:5      | Killed a hornet
  5040 | D:5      | Reached skill level 5 in Maces & Flails
  5049 | D:5      | Reached skill level 5 in Armour
  5226 | D:5      | Noticed a shadow
  5241 | D:5      | Killed a shadow
  5242 | D:5      | Reached XP level 8. HP: 36/48 MP: 8/10
  5339 | D:5      | Reached skill level 5 in Fighting
  5368 | D:5      | Reached skill level 6 in Maces & Flails
  5550 | D:5      | Found a sparkling altar of Nemelex Xobeh.
  5639 | D:5      | Bought a pair of runed boots for 187 gold pieces
  5953 | D:5      | Reached skill level 5 in Shields
  6499 | D:6      | Found a stormy altar of Qazlal.
  6516 | D:6      | Noticed Pikel
  6578 | D:5      | Reached skill level 7 in Maces & Flails
  6646 | D:5      | HP: 2/50 [lemure[Pikel] (5)]
  6651 | D:5      | Killed Pikel
  6652 | D:5      | Reached XP level 9. HP: 1/55 MP: 11/11
  7009 | D:6      | Found an iron altar of Okawaru.
  7009 | D:6      | Found a basalt altar of Yredelemnul.
  7334 | D:6      | Reached skill level 8 in Maces & Flails
  7753 | D:7      | Noticed a troll
  7769 | D:7      | Slain by a troll

Illustrated notes

Levels and vault maps discovered:
D:1:      co_arrival_random_square_maze, layout_loops_ring, item_on_display_a
D:2:      layout_rooms, minmay_pentomino_w4
D:3:      layout_rooms, hex_medium, guppyfry_early_lair_pool
D:4:      layout_basic
D:5:      layout_loops_ring, nemelex_diamond_rough_becter, serial_shops,
          nicolae_stop_n_shop_2, kennysheep_generic_room_11
D:6:      cheibrodos_helix_gallery, layout_cave_pools,
          gammafunk_temple_overflow_wave, mainiacjoe_overflow_chevrons,
          chequers_serial_rivers_small_a, dreamdust_wishing_well, uniq_pikel
D:7:      layout_basic, mainiacjoe_overflow_alcove_1,
          minmay_temple_entry_slanted, serial_shops, nicolae_shop_crystal

Skill      XL: |  1  2  3  4  5  6  7  8  9 |
---------------+----------------------------+-----
Maces & Flails | 3 4 5 7 8 |  8.0
Invocations    | 1 2 3 4 |  4.1
Dodging        | 1 2 |  2.9
Armour         | 4 5 6 |  6.5
Fighting       | 4 5 6 |  6.0
Shields        | 4 5 |  5.9

Action                   |  1- 3 |  4- 6 |  7- 9 || total
-------------------------+-------+-------+-------++-------
Melee: Flail             |   149 |   243 |   356 ||   748
  Use: Scroll            |     1 |     6 |    10 ||    17
       Potion            |       |     1 |     7 ||     8
Armor: Scale mail        |    97 |    79 |       ||   176
       Plate armour      |       |    83 |   342 ||   425
Dodge: Dodged            |    89 |   100 |   105 ||   294
Block: Buckler           |    41 |    73 |   120 ||   234

Table legend: (Time is in decaauts)
 A = Elapsed time spent in this place.
 B = Non-inter-level travel time spent in this place.
 C = Inter-level travel time spent in this place.
 D = Time resting spent in this place.
 E = Time spent auto-exploring this place.
 F = Levels seen in this place.
 G = Mean time per level.
                   A        B        C        D        E       F      G
               +--------+--------+--------+--------+--------+-----+--------+
         Total |   7930 |   7747 |    183 |    752 |   5241 |   7 | 1132.9 |
       Dungeon |   7930 |   7747 |    183 |    752 |   5241 |   7 | 1132.9 |
               +--------+--------+--------+--------+--------+-----+--------+

Top non-repeatable levels by time:
     D:5: 1890 daAuts
     D:1: 1446 daAuts
     D:3: 1437 daAuts
     D:4: 1187 daAuts
     D:2: 1025 daAuts
     D:6: 898 daAuts
     D:7: 44 daAuts
